 Dungeon Crawl Stone Soup version 0.21-a0-404-g291f19a (webtiles) character file.

529 Moloch the Conjurer (level 7, 46/46 HPs)
             Began as a Demonspawn Wizard on Oct 28, 2017.
             Quit the game on level 4 of the Dungeon.
             The game lasted 00:10:17 (3798 turns).

Moloch the Conjurer (Demonspawn Wizard)             Turns: 3798, Time: 00:10:18

Health: 46/46      AC:  4    Str:  7    XL:     7   Next: 3%
Magic:  4/13       EV: 12    Int: 22    God:
Gold:   189        SH:  0    Dex: 13    Spells: 3/14 levels left

rFire    + . .     SeeInvis .   H - +0 spear (freeze)
rCold    . . .     Gourm    .   (no shield)
rNeg     . . .     Faith    .   a - +0 robe
rPois    .         Spirit   .   m - +0 helmet
rElec    .         Reflect  .   (no cloak)
rCorr    .         Harm     .   (no gloves)
MR       +....                  j - +0 pair of boots
Stlth    ++........             o - amulet of regeneration
HPRegen  0.55/turn              E - ring of protection from magic
MPRegen  0.13/turn              i - ring of flight

@: no status effects
A: thin skeletal structure 1, demonic guardian 1, fire resistance 1
a: Evoke Flight


You were on level 4 of the Dungeon.
You were not hungry.

You visited 1 branch of the dungeon, and saw 4 of its levels.

You collected 189 gold pieces.

Inventory:

Hand Weapons
 H - a +0 spear of freezing (weapon)
Armour
 a - a +0 robe (worn)
 j - a +0 pair of boots (worn)
 m - a +0 helmet (worn)
Jewellery
 h - an uncursed ring of ice
 i - a ring of flight (right hand)
 o - an amulet of regeneration (around neck)
 D - an uncursed ring of fire
 E - a ring of protection from magic (left hand)
Wands
 r - a wand of lightning (6/15)
Scrolls
 b - a scroll of noise {unknown}
 f - 3 scrolls of teleportation {unknown}
 g - a scroll of immolation {unknown}
 p - 2 scrolls of identify
 u - a scroll of fog {unknown}
 x - a scroll of remove curse {unknown}
 y - a scroll of enchant armour {unknown}
 A - a scroll of random uselessness {unknown}
Potions
 e - 2 potions of magic {unknown}
 l - 2 potions of brilliance {unknown}
 n - 4 potions of curing {unknown}
 q - a potion of degeneration {unknown}
 s - 2 potions of might {unknown}
 t - a potion of lignification {unknown}
 z - a potion of mutation {unknown}
 B - a potion of invisibility {unknown}
 F - 2 potions of resistance {unknown}
 G - a potion of heal wounds
Books
 c - a book of Minor Magic

   Spells                             Type                      Level
   a - Magic Dart                     Conjuration                  1
   b - Blink                          Translocation                2
   c - Call Imp                       Summoning                    2
   d - Slow                           Hexes                        2
   e - Conjure Flame                  Conjuration/Fire             3
   f - Mephitic Cloud                 Conjuration/Poison/Air       3
 w - a book of Changes

   Spells                             Type                      Level
   a - Beastly Appendage              Transmutation                1
   b - Sticks to Snakes               Transmutation                2
   c - Spider Form                    Transmutation/Poison         3
   d - Ice Form                       Ice/Transmutation            4
   e - Blade Hands                    Transmutation                5
Comestibles
 d - 2 bread rations
 k - 3 meat rations
 v - a royal jelly
 C - 3 chunks of flesh


   Skills:
 - Level 1.7 Dodging
 - Level 1.7 Stealth
 + Level 4.3 Spellcasting
 + Level 6.6 Conjurations
 - Level 1.0 Summonings
 - Level 0.8 Translocations


You had 3 spell levels left.
You knew the following spells:

 Your Spells              Type           Power        Failure   Level  Hunger
a - Magic Dart            Conj           ####         1%          1    None
b - Blink                 Tloc           N/A          12%         2    #......
c - Call Imp              Summ           #.......     11%         2    #......
d - Mephitic Cloud        Conj/Pois/Air  ##......     13%         3    ##.....
e - Conjure Flame         Conj/Fire      ###.....     9%          3    ##.....


Dungeon Overview and Level Annotations

Branches:
Dungeon (4/15)
 Temple: D:4-7

Altars:
Uskayaw
The Shining One


Innate Abilities, Weirdness & Mutations

You have a somewhat thin skeletal structure. (Dex +2, Stealth)
A weak demonic guardian rushes to your aid.
Your flesh is heat resistant. (rF+)


Message History

Aiming: Magic Dart
Press: ? - help, Shift-Dir - straight line, f/p - giant cockroach
Aim: a giant cockroach (severely wounded, clinging)
The magic dart hits the giant cockroach.
You kill the giant cockroach!
Casting: Magic Dart
Confirm with . or Enter, or press ? or * to list all spells.
Aiming: Magic Dart
Press: ? - help, Shift-Dir - straight line, f - worker ant
Aim: a worker ant The magic dart hits the worker ant.
The worker ant is moderately wounded.
Casting: Magic Dart
Confirm with . or Enter, or press ? or * to list all spells.
Aiming: Magic Dart
Press: ? - help, Shift-Dir - straight line, f/p - worker ant
Aim: a worker ant (moderately wounded)
The magic dart hits the worker ant.
The worker ant is heavily wounded.
Are you sure you want to abandon this character and quit the game? (Confirm with "yes".)

..############ #######
.............# ##.....#
..#..........####.......
........................
.#....<.....###....>...
.. #..........# #..(.....
...#..........###........
.#..####.###....#......<.
..#.####@#..............)
.......#a#.####.#........
.........#.# #.#........
...........# #........
........#### #........
........# #........
......... ....).....
##....#... ##........
#....#.#.# ##.###...


You could see a worker ant.

Vanquished Creatures
  An ogre (D:4)
  2 hounds
  2 worker ants (D:4)
  17 gnolls (D:4)
  8 adders
  A dart slug (D:2)
  2 leopard geckos
  5 orcs
  4 bats
  4 giant cockroaches
  10 goblins
  6 hobgoblins
  13 jackals (D:4)
  A quokka (D:2)
  2 frilled lizards
  5 kobolds
  5 rats
88 creatures vanquished.

Vanquished Creatures (collateral kills)
  A bullfrog skeleton (D:4)
  A worm (D:2)
2 creatures vanquished.

Grand Total: 90 creatures vanquished

Notes
Turn   | Place    | Note
-------+----------+-------------------------------------------
     0 | D:1      | Moloch the Demonspawn Wizard began the quest for the Orb.
     0 | D:1      | Reached XP level 1. HP: 13/13 MP: 4/4
     1 | D:1      | Found a glowing golden altar of the Shining One.
   709 | D:2      | Reached skill level 2 in Conjurations
   709 | D:2      | Gained mutation: You have a somewhat thin skeletal structure. (Dex +2, Stealth) [demonic ancestry]
   709 | D:2      | Reached XP level 2. HP: 19/19 MP: 0/6
   713 | D:2      | Learned a level 2 spell: Blink
   716 | D:2      | Learned a level 2 spell: Call Imp
   894 | D:2      | Reached skill level 3 in Conjurations
   934 | D:2      | Reached XP level 3. HP: 24/24 MP: 3/7
  1754 | D:2      | Gained mutation: Your flesh is heat resistant. (rF+) [demonic ancestry]
  1754 | D:2      | Reached XP level 4. HP: 24/30 MP: 2/8
  1813 | D:2      | Reached skill level 4 in Conjurations
  2598 | D:3      | Reached XP level 5. HP: 35/35 MP: 0/9
  2695 | D:4      | Reached skill level 5 in Conjurations
  2721 | D:4      | Learned a level 3 spell: Mephitic Cloud
  3314 | D:4      | Reached XP level 6. HP: 40/41 MP: 2/11
  3319 | D:4      | Learned a level 3 spell: Conjure Flame
  3501 | D:4      | Reached skill level 6 in Conjurations
  3766 | D:3      | Found a hide-covered altar of Uskayaw.
  3793 | D:4      | Gained mutation: A weak demonic guardian rushes to your aid. [demonic ancestry]
  3793 | D:4      | Reached XP level 7. HP: 46/46 MP: 7/13
  3798 | D:4      | Quit the game

Vault maps used:
D:1:      sevenhm_arrival_forest_fort_small_6, minmay_crystal_water,
          minmay_misc_feat_x
D:2:      minmay_octomino_j4
D:3:      lemuel_upstairs_altar
D:4:      lemuel_castle_with_subvaults, first_bread, minmay_misc_feat_iff

Skill      XL: |  1  2  3  4  5  6 |
---------------+-------------------+-----
Conjurations   | 2 3 4 5 6 |  6.6
Spellcasting   | 4 |  4.3
Dodging        | |  1.7
Stealth        | |  1.7
Summonings     | |  1.0
Translocations | |  0.8

Action                   |  1- 3 |  4- 6 |  7- 9 || total
-------------------------+-------+-------+-------++-------
Melee: Short sword       |       |    18 |       ||    18
       Spear             |       |    61 |       ||    61
 Cast: Magic Dart        |    68 |   127 |     5 ||   200
       Call Imp          |       |     6 |       ||     6
       Mephitic Cloud    |       |    10 |       ||    10
Evoke: Wand              |     1 |       |       ||     1
  Use: Potion            |     1 |     1 |       ||     2
       Scroll            |     1 |       |       ||     1
 Stab: Confused          |       |     6 |       ||     6
       Sleeping          |       |     1 |       ||     1
  Eat: Chunk             |     2 |     8 |       ||    10
Armor: Robe              |     5 |    27 |     1 ||    33
Dodge: Dodged            |    12 |    71 |       ||    83

Table legend:
 A = Spawn XP
 B = Non-spawn XP
 C = Spawn XP percentage of total XP
 D = Spawn monster count
 E = Non-spawn monster count
 F = Spawn count percentage of total count
 G = Total turns spent on level
                    A         B        C        D         E        F      G
               +---------+---------+-------+---------+---------+-------+---------
         Total |       0 |     756 |   0.0 |       0 |      90 |   0.0 |  3798
               +---------+---------+-------+---------+---------+-------+---------
           D:1 |       0 |       7 |   0.0 |       0 |       3 |   0.0 |   861
           D:2 |       0 |     102 |   0.0 |       0 |      23 |   0.0 |  1130
           D:3 |       0 |      93 |   0.0 |       0 |      23 |   0.0 |   810
           D:4 |       0 |     554 |   0.0 |       0 |      41 |   0.0 |   997
               +---------+---------+-------+---------+---------+-------+---------
